 Dungeon Sprint DCSS version 0.25-a0-589-g1e14c549ee (webtiles) character file.

Game seed: 5598335227902100401, levelgen mode: deterministic

68 jt the Shield-Bearer (level 4, 0/28 HPs)
             Began as a Gargoyle Fighter on Mar 10, 2020.
             Slain by a worker ant (3 damage)
             ... in the Dungeon (Sprint II: "The Violet Keep of Menkaure").
             The game lasted 00:00:15 (27 turns).

jt the Shield-Bearer (Gargoyle Fighter)               Turns: 27, Time: 00:00:15

Health: 0/28       AC: 10    Str: 21    XL:     4   Next: 19%
Magic:  4/4        EV:  8    Int:  8    God:
Gold:   0          SH: 10    Dex:  9    Spells: 3/3 levels left

rFire    . . .     SeeInvis .   a - +0 flail
rCold    . . .     Gourm    .   c - +0 kite shield
rNeg     + . .     Faith    .   b - +0 scale mail
rPois    ∞         Spirit   .   (no helmet)
rElec    +         Reflect  .   (no cloak)
rCorr    .         Harm     .   (no gloves)
MR       .....     NoTele   +   (no boots)
Stlth    ..........             (no amulet)
HPRegen  0.09/turn              (no ring)
MPRegen  0.09/turn              (no ring)

@: no status effects
A: negative energy resistance 1, electricity resistance, unbreathing,
petrification resistance, rot immunity, AC +3
a: no special abilities


You were in the Dungeon.
You were not hungry.

You visited 1 branch

Inventory:

Hand Weapons
 a - a +0 flail (weapon)
Armour
 b - a +0 scale mail (worn)
 c - a +0 kite shield (worn)
Scrolls
 k - a scroll of blinking
Potions
 d - a potion of might
 e - a potion of curing
 g - a potion of heal wounds
 h - a potion of haste
 i - 2 potions of magic
 j - a potion of berserk rage
Comestibles
 f - a ration


   Skills:
 - Level 3.2 Fighting
 + Level 5.8 Maces & Flails
 - Level 3.2 Armour
 + Level 6.9 Shields


You had 3 spell levels left.
You didn't know any spells.
Your spell library was empty.

Dungeon Overview and Level Annotations

Branches:
Dungeon (1/1)

Altars:


Innate Abilities, Weirdness & Mutations

You are resistant to torment.
Your stone body is resilient. (AC +3)
You are immune to poison.
You resist negative energy. (rN+)
You are resistant to electric shocks. (rElec)
You can survive without breathing.
You are immune to petrification.
You are immune to rotting.


Message History

You kill the worker ant!
You have reached level 4!
You feel stronger.
Your shield prevents you from hitting the worker ant.
You block the worker ant's attack.
You hit the worker ant but do no damage.
The worker ant bites you but does no damage.
You block the worker ant's attack.
You hit the worker ant but do no damage.
The worker ant bites you.
* * * LOW HITPOINT WARNING * * *
Your scale mail prevents you from hitting the worker ant.
The worker ant barely misses you. You block the worker ant's attack.
You hit the worker ant but do no damage.
You block the worker ant's attack.
You hit the worker ant but do no damage.
You block the worker ant's attack. The worker ant bites you.
* * * LOW HITPOINT WARNING * * *
You barely miss the worker ant. The worker ant bites you.
You die...

# #+# .#
##.##..#
+.<@a#
##.##..#
#+# .# #


You could see a worker ant.

Vanquished Creatures
  3 worker ants (D)
3 creatures vanquished.

Vanquished Creatures (others)
  Menkaure (D)
1 creature vanquished.

Grand Total: 4 creatures vanquished

Notes
Turn   | Place    | Note
-------+----------+-------------------------------------------
     0 | D        | jt the Gargoyle Fighter began the quest for the Orb.
     0 | D        | Reached XP level 1. HP: 14/14 MP: 1/1
     1 | D        | Noticed a worker ant
     1 | D        | Noticed a worker ant
     1 | D        | Noticed a worker ant
     1 | D        | Noticed a worker ant
     4 | D        | Killed Menkaure
     9 | D        | Killed a worker ant
     9 | D        | Reached skill level 5 in Shields
     9 | D        | Reached XP level 2. HP: 15/19 MP: 2/2
    13 | D        | Reached skill level 5 in Maces & Flails
    13 | D        | Reached skill level 6 in Shields
    13 | D        | Reached XP level 3. HP: 15/23 MP: 3/3
    20 | D        | Reached XP level 4. HP: 11/28 MP: 4/4
    27 | D        | Slain by a worker ant

Levels and vault maps discovered:
D:        the_violet_keep_of_menkaure [sprint2_stairs_cluster_1,
          sprint2_shoproom, sprint2_temple, sprint2_basic_supplies,
          sprint2_obstacle_5, sprint2_obstacle_4, sprint2_obstacle_3,
          sprint2_obstacle_7, sprint2_obstacle_6, sprint2_timed_cluster_1,
          sprint2_smallroom_cluster_1, sprint2_smallroom_final_cluster_1,
          sprint2_transparent_cluster_1, sprint2_second_timed_cluster_1,
          sprint2_sniper_area_1, sprint2_heavy_combat_area_1,
          sprint2_mutation_trap_area_1, sprint2_forest_area_1,
          sprint2_light_combat_area_1, sprint2_behind_water_1,
          sprint2_near_end_vault_1]

Skill      XL: |  1  2 |
---------------+-------+-----
Maces & Flails | 4 5 |  5.8
Shields        | 5 6 |  6.9
Fighting       | |  3.2
Armour         | |  3.2

Action                   |  1- 3 |  4- 6 || total
-------------------------+-------+-------++-------
Melee: Flail             |    18 |     7 ||    25
Armor: Scale mail        |     3 |     1 ||     4
Dodge: Dodged            |     9 |     1 ||    10
Block: Kite shield       |     7 |     5 ||    12

Table legend:
 A = Non-vault XP
 B = Vault XP
 C = Vault XP percentage of total XP
 D = Non-vault monster count
 E = Vault monster count
 F = Vault count percentage of total count
                 A         B        C        D         E       F
            +---------+---------+-------+---------+---------+-------
      Total |       0 |      98 | 100.0 |       0 |       3 | 100.0
            +---------+---------+-------+---------+---------+-------
          D |       0 |      98 | 100.0 |       0 |       3 | 100.0
            +---------+---------+-------+---------+---------+-------
